Map: Oxide LE

Players

INnoVation - Winner!

  • Race: Terran Terran
  • League: Grandmaster
  • Spawn Location: 7:00

TYTY (TY)

  • Race: Terran Terran
  • League: Grandmaster
  • Spawn Location: 1:00

VOD

Have the link to the VOD?

Description

Time

  • Played on: Jan. 16, 2021, 8:33 a.m.
  • Length: 31:18
Show
View Real Time Build Order
Export as new Build Order

INnoVation Terran - Winner!

Build Orders: Mech 

Get SALT Encoding   

  12  0:00  SCV  
  13  0:13  Supply Depot  
  13  0:17  SCV  
  14  0:34  Barracks  
  14  0:40  Refinery  
  14  0:53  Barracks  
  14  0:57  SCV  
  15  1:09  SCV  
  16  1:22  Reaper  
  16  1:23  Orbital Command  
  17  1:31  Refinery  
  17  1:40  Reaper  
  18  1:48  SCV  
  19  1:58  Reaper  
  19  2:00  Supply Depot  
  19  2:01  SCV  
  21  2:12  Reaper  
  21  2:13  SCV  
  23  2:25  SCV  
  24  2:30  Reaper  
  24  2:35  Factory  
  25  2:37  SCV  
  25  2:43  Supply Depot  
  26  2:44  Reaper  
  26  2:49  SCV  
  27  3:01  SCV  
  27  3:03  Reaper  
  29  3:13  SCV  
  29  3:19  Factory Tech Lab, Starport  
  30  3:25  SCV  
  31  3:33  Command Center  
  31  3:37  SCV  
  32  3:42  Cyclone  
  35  3:49  SCV  
  35  3:52  Supply Depot  
  36  3:57  Starport Tech Lab  
  36  4:02  SCV  
  37  4:08  Refinery  
  37  4:16  Raven  
  39  4:17  SCV  
  40  4:29  SCV  
  40  4:30  Command Center  
  41  4:36  Cyclone  
  44  4:43  SCV  
  44  4:45  Orbital Command  
  45  4:56  SCV  
  45  4:57  Refinery  
  46  5:04  Raven  
  48  5:08  SCV  
  48  5:13  SCV  
  50  5:19  Siege Tank  
  50  5:20  SCV  
  54  5:25  Supply Depot, SCV  
  55  5:32  SCV  
  56  5:37  SCV  
  56  5:41  Orbital Command  
  57  5:44  SCV  
  57  5:47  Factory  
  57  5:49  SCV  
  58  5:52  Siege Tank  
  58  5:56  SCV  
  62  5:57  Starport Reactor  
  62  6:01  SCV  
  63  6:08  SCV  
  63  6:11  Barracks Reactor  
  64  6:13  Factory, SCV  
  65  6:20  Supply Depot, SCV  
  66  6:25  SCV  
  66  6:27  Orbital Command, Siege Tank  
  71  6:32  SCV  
  71  6:38  SCV  
  72  6:42  Armory  
  72  6:43  Armory  
  72  6:45  SCV  
  71  6:47  Refinery  
  71  6:50  Refinery, SCV  
  71  6:51  Viking x2  
  71  6:53  SCV  
  77  6:54  Supply Depot  
  77  6:57  SCV  
  78  7:02  Siege Tank, SCV  
  78  7:05  SCV  
  83  7:09  SCV  
  83  7:14  SCV  
  85  7:16  Engineering Bay  
  85  7:17  SCV  
  85  7:18  Barracks Reactor  
  85  7:21  SCV, Viking x2  
  91  7:25  Siege Tank  
  91  7:26  SCV  
  91  7:29  SCV  
  100  7:33  SCV  
  100  7:35  Terran Vehicle Weapons Level 1, Terran Vehicle And Ship Armor Level 1  
  101  7:38  Supply Depot  
  101  7:39  Supply Depot  
  101  7:42  SCV x2  
  101  7:43  Infernal Pre-Igniter, Supply Depot  
  99  7:45  SCV  
  99  7:51  Missile Turret, Sensor Tower  
  100  7:52  Supply Depot  
  98  7:59  Hellion x2  
  98  8:02  Sensor Tower, SCV x3  
  98  8:04  Siege Tank  
  108  8:11  Siege Tank  
  111  8:14  Missile Turret, SCV x3  
  111  8:18  Supply Depot  
  114  8:20  Missile Turret  
  114  8:21  Hellion x2  
  114  8:22  Viking  
  114  8:24  Viking  
  122  8:32  Factory  
  122  8:34  Factory  
  122  8:37  SCV x2  
  122  8:38  Supply Depot, SCV  
  122  8:39  Supply Depot  
  125  8:47  Hellion  
  125  8:48  Hellion  
  129  8:49  Siege Tank  
  129  8:51  Sensor Tower  
  129  8:52  Siege Tank  
  135  8:56  Supply Depot  
  135  8:57  Supply Depot  
  135  8:59  Medivac  
  137  9:05  Medivac  
  137  9:08  Supply Depot, Command Center  
  137  9:09  Missile Turret  
  139  9:14  Hellbat  
  139  9:15  Hellbat  
  143  9:23  Factory Tech Lab  
  143  9:24  Siege Tank x2  
  143  9:25  Hellbat x2  
  143  9:29  Supply Depot  
  153  9:32  Medivac, Supply Depot  
  153  9:35  Medivac  
  157  9:44  Siege Tank  
  157  9:45  Hellbat x2  
  164  9:47  Missile Turret x2  
  164  9:51  Terran Vehicle Weapons Level 2  
  168  9:52  Hellbat  
  168  9:53  Hellbat  
  168  9:59  Siege Tank  
  170  10:05  Missile Turret  
  170  10:06  Hellbat  
  172  10:08  Viking x2  
  172  10:09  Missile Turret  
  176  10:23  Terran Vehicle And Ship Armor Level 2  
  176  10:37  Siege Tank x2  
  176  10:38  Refinery, Hellbat x2  
  176  10:39  Hellbat x2  
  176  10:42  Refinery  
  190  10:45  Viking  
  190  10:46  Viking  
  190  10:52  Planetary Fortress  
  190  11:01  Hellbat x2, Siege Tank  
  190  11:02  Hellbat  
  178  11:17  Viking x2  
  167  11:19  Siege Tank  
  167  11:20  Hellbat  
  167  11:23  Hellbat x3  
  178  11:37  Siege Tank x2  
  184  11:45  Hellbat x4  
  192  11:51  Siege Tank  
  138  12:04  Medivac  
  138  12:05  Medivac  
  138  12:06  Hellion, Hellbat x2  
  138  12:07  Hellbat  
  138  12:08  SCV x4  
  143  12:09  Siege Tank x2  
  146  12:23  Siege Tank  
  146  12:25  Terran Vehicle Weapons Level 3  
  146  12:29  Hellbat x4  
  157  12:37  Liberator  
  157  12:38  Liberator  
  157  12:41  Siege Tank x2  
  165  13:01  Command Center  
  165  13:08  Siege Tank  
  165  13:10  Hellbat x4  
  176  13:13  Siege Tank x2  
  180  13:20  Viking  
  180  13:21  Viking  
  184  13:40  Siege Tank  
  184  13:45  Siege Tank x2  
  187  13:50  Viking  
  187  13:51  Viking  
  173  14:12  Siege Tank  
  173  14:13  Hellbat x2  
  173  14:14  Hellbat x2  
  171  14:17  Siege Tank x2  
  165  14:35  Hellbat  
  161  14:40  Hellion  
  161  14:41  Hellion  
  161  14:42  Hellbat x3  
  161  14:44  Siege Tank  
  167  14:49  Siege Tank x2  
  167  14:56  Liberator x2, Hellbat  
  169  15:10  Planetary Fortress  
  169  15:11  SCV x2  
  169  15:12  SCV  
  170  15:15  Command Center  
  168  15:24  Siege Tank x2  
  168  15:25  Hellbat  
  179  15:42  Siege Tank  
  179  15:45  Hellbat x2  
  181  15:51  Liberator x2  
  181  15:56  Siege Tank x2  
  177  16:15  Siege Tank  
  173  16:22  Hellbat x3  
  173  16:23  Hellbat  
  181  16:28  Siege Tank x2  
  187  16:36  Viking x2  
  185  16:47  Siege Tank  
  185  17:00  Siege Tank x2  
  183  17:02  Hellbat x4  
  183  17:06  Viking x2  
  179  17:19  Siege Tank  
  154  17:23  Hellion x3  
  154  17:29  Hellion  
  159  17:32  Siege Tank x2  
  165  17:44  Viking x2  
  166  17:50  Hellion x4  
  167  17:51  Siege Tank  
  136  18:01  Hellion x4  
  136  18:04  Siege Tank x2  
  118  18:15  Planetary Fortress  
  118  18:18  SCV x2  
  120  18:23  Siege Tank  
  120  18:33  SCV x4  
  124  18:36  Siege Tank  
  124  18:37  Siege Tank  
  128  18:43  Hellbat x4  
  128  18:45  Medivac  
  128  18:46  Medivac, Hellion x4, SCV x2  
  128  18:47  SCV x2  
  142  18:55  Siege Tank  
  143  19:05  Hellbat x4  
  143  19:09  Siege Tank  
  154  19:15  Sensor Tower, Refinery x2  
  154  19:16  Missile Turret  
  154  19:18  Missile Turret  
  154  19:23  Siege Tank  
  157  19:28  Hellbat, Siege Tank  
  157  19:29  Hellbat  
  157  19:31  Hellbat  
  164  19:32  Hellbat  
  164  19:42  Viking x2  
  166  19:53  Siege Tank  
  166  19:55  Hellbat x4  
  175  20:01  SCV  
  176  20:07  Siege Tank x2  
  182  20:20  Refinery  
  182  20:21  Refinery  
  182  20:23  Hellbat x3  
  182  20:24  Hellbat  
  182  20:25  Siege Tank  
  188  20:39  Viking x2  
  184  20:43  Siege Tank  
  184  20:44  Siege Tank  
  184  20:45  Hellbat x2  
  190  20:53  Hellbat  
  190  21:11  Hellbat x2  
  189  21:14  Hellbat  
  172  21:32  Hellbat  
  167  21:38  Viking x2  
  157  21:50  Factory  
  157  21:52  Orbital Command  
  157  21:54  Factory  
  145  21:55  Factory  
  145  21:57  Factory  
  145  22:00  Factory  
  137  22:06  Factory Tech Lab  
  137  22:08  Viking x2  
  115  22:32  Factory x2  
  115  22:34  Factory  
  105  22:38  Viking x2  
  101  22:52  Factory Tech Lab  
  101  22:53  Factory Tech Lab  
  92  23:00  Siege Tank  
  95  23:07  SCV  
  95  23:08  Viking x2  
  95  23:10  Missile Turret  
  95  23:11  Missile Turret, Siege Tank  
  95  23:12  Missile Turret  
  103  23:16  Siege Tank  
  103  23:17  Hellion  
  103  23:18  Hellion x3  
  114  23:21  Armory  
  95  23:32  Hellion  
  95  23:39  Hellion x4  
  95  23:41  Command Center  
  102  23:43  Siege Tank  
  102  23:46  Medivac  
  102  23:47  Medivac  
  102  23:48  Siege Tank  
  112  23:54  Hellion  
  114  24:00  Hellion x2  
  114  24:01  Hellion x2  
  122  24:05  Orbital Command, SCV  
  123  24:15  Siege Tank x2  
  127  24:18  SCV  
  127  24:20  Hellion  
  127  24:22  Hellion x3  
  132  24:25  Hellion  
  132  24:26  Medivac  
  132  24:27  Medivac  
  138  24:32  SCV x2  
  138  24:42  Hellion  
  138  24:43  Hellion x3  
  138  24:44  SCV x2  
  148  24:54  Siege Tank x2  
  148  24:56  Hellbat, SCV x2  
  158  25:03  Hellbat  
  158  25:04  Hellbat  
  158  25:05  Hellbat  
  165  25:08  SCV x2  
  165  25:09  Orbital Command  
  166  25:15  Medivac x2  
  166  25:21  Hellbat  
  172  25:27  Missile Turret  
  172  25:49  Hellbat  
  172  25:52  Viking  
  172  25:54  Viking  
  172  25:57  Hellbat  
  172  26:26  Viking  
  172  26:33  Hellion x2, Viking  
  172  26:34  Hellion x2  
  172  26:35  Siege Tank  
  140  26:55  Hellion x3  
  132  27:05  Hellbat  
  132  27:06  Viking x2  
  132  27:07  Hellion x3  
  132  27:08  Hellion  
  131  27:16  Hellion  
  131  27:22  Factory Tech Lab x2  
  110  27:26  Hellion  
  110  27:28  Siege Tank  
  115  27:36  Viking x2  
  119  27:37  Hellion, SCV x3  
  119  27:39  Factory  
  119  27:40  Factory  
  119  27:42  Factory  
  124  27:48  Hellion, Siege Tank x2  
  124  27:49  SCV  
  127  27:59  Hellbat  
  127  28:00  Siege Tank  
  130  28:06  Medivac, Hellion x11  
  130  28:09  Hellbat  
  131  28:19  Sensor Tower  
  129  28:20  Siege Tank x2, Hellbat  
  129  28:24  Factory Tech Lab  
  129  28:25  Hellbat  
  139  28:31  Hellbat  
  139  28:33  Hellbat  
  143  28:41  Hellbat x2  
  145  28:46  Hellbat  
  149  28:52  Siege Tank  
  149  28:53  Siege Tank  
  145  28:57  Missile Turret, Hellbat x2, Siege Tank  
  152  29:04  Hellbat x2  
  148  29:18  Siege Tank  
  148  29:22  Hellbat  
  148  29:23  Hellbat  
  155  29:24  Siege Tank  
  155  29:25  Hellbat  
  160  29:33  Viking x2  
  163  29:53  Siege Tank  
  163  29:54  Hellbat x3  
  163  29:55  Hellbat  
  163  29:58  Hellbat x2  
  166  30:02  Viking  
  131  30:22  Siege Tank  
  134  30:32  Siege Tank  
Show
View Real Time Build Order
Export as new Build Order

TYTY Terran 

Build Orders:  

Get SALT Encoding   

  12  0:00  SCV  
  13  0:12  SCV  
  14  0:18  Supply Depot  
  14  0:24  SCV  
  15  0:39  SCV  
  15  0:41  Barracks  
  16  0:45  Refinery  
  16  0:52  SCV  
  17  1:04  SCV  
  18  1:16  SCV  
  19  1:25  Refinery  
  19  1:29  Orbital Command, Marine  
  20  1:38  Supply Depot  
  20  1:47  Factory, Marine  
  21  1:55  SCV  
  22  2:05  Marine  
  22  2:07  SCV  
  24  2:20  SCV  
  24  2:21  Supply Depot  
  25  2:23  Marine  
  26  2:30  Hellion  
  26  2:32  SCV  
  26  2:33  Starport  
  29  2:41  Marine  
  29  2:44  SCV  
  27  2:51  Hellion  
  27  2:58  SCV, Marine  
  30  3:10  Starport Tech Lab, SCV  
  31  3:13  Hellion  
  31  3:16  Marine  
  34  3:21  Supply Depot  
  34  3:22  SCV  
  35  3:29  Banshee  
  38  3:36  Barracks Reactor  
  38  3:42  Command Center  
  38  3:43  Widow Mine  
  38  3:44  SCV  
  41  3:53  Supply Depot  
  41  3:56  SCV  
  42  4:06  Factory Tech Lab  
  42  4:14  Raven  
  42  4:16  Supply Depot  
  45  4:23  Marine x2  
  47  4:33  Command Center  
  47  4:36  Siege Tank  
  49  4:39  SCV  
  49  4:41  Marine  
  52  4:53  Refinery, SCV  
  53  5:05  SCV  
  53  5:14  Orbital Command  
  53  5:15  Barracks  
  53  5:17  Barracks, Stimpack  
  53  5:19  Starport Reactor  
  53  5:22  SCV  
  54  5:29  Siege Tank  
  54  5:31  Marine  
  58  5:37  SCV  
  58  5:42  SCV  
  60  5:47  Orbital Command  
  60  5:49  SCV  
  61  5:52  Marine  
  61  5:54  SCV  
  63  6:01  Engineering Bay  
  63  6:02  Engineering Bay, SCV  
  64  6:06  Starport Reactor  
  64  6:07  SCV  
  64  6:09  Siege Tank  
  68  6:13  SCV  
  68  6:15  SCV  
  68  6:17  Marine x2  
  72  6:19  SCV  
  72  6:21  Marine  
  72  6:22  Marine  
  72  6:24  Marine  
  76  6:25  SCV  
  76  6:27  SCV  
  76  6:31  SCV  
  79  6:33  Terran Infantry Weapons Level 1  
  79  6:34  Marine  
  79  6:35  Terran Infantry Armor Level 1  
  79  6:37  Marine  
  79  6:39  Marine  
  82  6:40  Orbital Command  
  82  6:41  SCV  
  82  6:45  Medivac x2  
  82  6:47  Marine x2  
  81  6:49  SCV  
  81  6:52  Marine  
  81  6:53  SCV, Refinery  
  86  6:59  Combat Shield  
  86  7:00  Marine x2  
  87  7:01  SCV  
  87  7:05  SCV  
  87  7:06  SCV  
  87  7:07  Supply Depot, Siege Tank  
  93  7:17  Supply Depot x2  
  93  7:20  SCV, Marine x2  
  96  7:29  Marine x2  
  96  7:31  SCV x2  
  96  7:35  Marine  
  65  7:37  Medivac x2  
  91  7:38  Marine  
  91  7:40  Marine  
  97  7:47  Marine x2  
  97  7:48  Siege Tank  
  97  7:49  SCV x3  
  105  7:54  Marine  
  105  7:56  Marine  
  105  7:57  Supply Depot  
  106  7:58  Marine  
  106  8:01  SCV x2  
  106  8:05  Marine  
  109  8:07  Marine  
  109  8:09  Armory  
  109  8:10  SCV  
  109  8:12  Marine  
  111  8:13  SCV  
  111  8:14  SCV, Marine  
  115  8:23  Marine  
  115  8:24  Viking x2  
  118  8:28  Supply Depot  
  118  8:29  SCV x3  
  119  8:36  Factory Tech Lab  
  119  8:41  SCV  
  120  8:46  Marauder  
  120  8:48  Marauder, Concussive Shells  
  126  8:49  Command Center, Marine x2  
  128  8:55  Refinery  
  128  8:58  Terran Infantry Armor Level 2, Terran Infantry Weapons Level 2  
  128  9:05  Supply Depot  
  128  9:07  Barracks x2, SCV x2  
  128  9:08  SCV  
  129  9:16  Refinery  
  136  9:17  Marauder x2  
  136  9:18  Marine x2  
  136  9:23  SCV x2  
  140  9:32  Barracks, SCV  
  140  9:34  Barracks x2  
  140  9:35  SCV x2  
  140  9:38  Marine x2  
  145  9:39  Viking x2  
  145  9:40  Siege Tank  
  145  9:44  SCV  
  149  9:58  Missile Turret  
  149  9:59  SCV  
  149  10:02  Marauder x2, Orbital Command, Sensor Tower  
  149  10:04  Barracks Tech Lab  
  149  10:05  Marine x3  
  156  10:14  Viking  
  156  10:15  Viking  
  156  10:17  SCV  
  156  10:20  Barracks Reactor  
  156  10:21  Barracks Tech Lab x2  
  163  10:25  Marine  
  163  10:27  Siege Tank  
  164  10:34  Marauder  
  164  10:40  Marine  
  164  10:41  Supply Depot x2  
  164  10:43  Marine  
  164  10:44  Supply Depot  
  164  10:51  Viking x2, Marauder, Marine x2  
  172  10:58  Supply Depot  
  172  11:03  Marauder x2, Siege Tank  
  167  11:17  Marauder x2  
  167  11:18  Marauder, Marine x3  
  152  11:19  Marine x2  
  152  11:21  Viking x2  
  152  11:25  SCV x2  
  149  11:30  Marauder x2, Marine  
  149  11:32  SCV  
  150  11:35  Siege Tank  
  150  11:36  Marine  
  154  11:43  Marauder x3, Marine x3  
  162  11:51  Medivac, Viking  
  144  11:56  Marine x2  
  128  12:04  Marauder x2  
  128  12:07  SCV x2  
  129  12:14  Siege Tank  
  132  12:18  Marine  
  132  12:19  Command Center, Marine  
  132  12:21  Medivac x2  
  139  12:23  Terran Infantry Weapons Level 3  
  139  12:26  SCV x3  
  139  12:28  Marine x3  
  142  12:40  Marauder x3  
  142  12:41  SCV x3  
  151  12:51  Medivac  
  151  12:55  Medivac  
  158  13:03  Marauder x2  
  158  13:04  Marauder, Marine x3  
  165  13:12  Orbital Command  
  158  13:13  Marauder x2  
  158  13:14  SCV x2  
  164  13:24  Marine x3  
  164  13:25  Marauder x3  
  173  13:33  Medivac x2  
  177  13:37  Orbital Command  
  174  13:41  Marine x2  
  174  13:48  Marauder x3, Marine x2  
  173  13:54  Marauder x2, Marine x2  
  179  13:56  SCV x2  
  179  14:02  Marine  
  178  14:07  Marine x2  
  178  14:09  Marauder x3, Marine  
  169  14:12  Marine x2  
  169  14:15  Marauder, Marine  
  149  14:17  Viking x2  
  149  14:20  Marine  
  134  14:25  Marine x2  
  134  14:27  Marine  
  134  14:29  SCV x2  
  134  14:30  Marine  
  134  14:31  Marauder x2, Marine  
  134  14:37  Marine x2  
  135  14:38  Marauder  
  135  14:47  Viking x2  
  135  14:52  Marauder, Marine  
  134  14:53  Marine  
  134  14:54  Marauder  
  134  14:55  Marauder x2  
  141  15:00  Marine x4  
  141  15:03  SCV x2  
  148  15:07  Marauder  
  148  15:10  Marine x2  
  148  15:14  Marauder  
  149  15:17  Medivac x2  
  149  15:18  Marauder x2  
  154  15:22  Orbital Command  
  154  15:23  Marine x2  
  154  15:29  Marine x3  
  154  15:30  Marine x2  
  159  15:37  Marauder x2  
  159  15:39  Orbital Command, Marine x2  
  159  15:41  Marine  
  164  15:48  Medivac x2  
  164  15:49  Marine  
  165  15:50  Marine  
  167  15:57  Marine x2  
  167  16:02  Marauder x2, Marine x2  
  167  16:03  Orbital Command  
  173  16:10  Marine x2  
  167  16:16  Marine x2  
  158  16:20  Medivac x2  
  154  16:29  Marauder x3, Marine x2  
  151  16:40  Marine x2  
  151  16:41  Marauder x2  
  157  16:52  Medivac x2  
  157  16:54  SCV x2  
  156  17:03  Marine x2  
  156  17:06  Marauder x2  
  156  17:07  Marauder  
  159  17:11  SCV x2  
  160  17:20  SCV x2  
  148  17:23  SCV x2  
  148  17:26  Viking  
  121  17:38  Marine x2  
  121  17:40  Orbital Command  
  108  17:48  SCV x2  
  95  18:02  Medivac x2  
  64  18:08  Marine x4  
  57  18:15  Orbital Command  
  57  18:19  Marauder  
  59  18:24  Marauder  
  61  18:35  Marauder x2  
  61  18:39  Medivac x2  
  64  18:45  Marine  
  64  18:46  Marine x3  
  67  18:51  Marauder  
  67  18:54  Marauder x2  
  73  18:59  SCV x3  
  73  19:00  SCV  
  73  19:02  Marine  
  77  19:03  Marine  
  77  19:07  Marine x3  
  82  19:11  Marauder  
  82  19:12  Marine x2  
  82  19:13  Marine  
  82  19:15  Marine  
  89  19:17  SCV x2  
  89  19:18  SCV  
  89  19:21  Marine  
  89  19:23  SCV  
  92  19:29  SCV  
  92  19:30  Marine x2  
  94  19:31  SCV x2  
  94  19:34  Marine x2  
  94  19:35  SCV  
  94  19:38  Marine x2  
  97  19:41  SCV  
  97  19:43  SCV x2  
  99  19:54  Marine x7  
  108  20:03  Marine x4  
  108  20:07  Liberator x2, Sensor Tower  
  112  20:08  SCV x2  
  112  20:09  SCV  
  116  20:17  Marine x3  
  116  20:18  Marauder  
  116  20:19  Marauder  
  125  20:21  Marauder, SCV  
  125  20:23  SCV  
  125  20:24  SCV  
  128  20:34  Marine x2  
  126  20:45  Marine  
  116  20:51  Marauder, Marine x3  
  116  20:52  Marine  
  116  20:53  Supply Depot, SCV x2  
  116  20:54  SCV  
  118  21:11  Marine  
  118  21:12  Marine x10  
  122  21:29  Marine  
  122  21:30  Refinery, Marine x7  
  122  21:31  Marine  
  128  21:38  Medivac  
  128  21:39  Marine  
  122  21:42  Refinery  
  122  21:45  Refinery  
  117  21:48  Orbital Command  
  117  21:49  Marine x4  
  103  21:57  SCV x2  
  103  21:58  Marine x2  
  93  22:04  Marine  
  93  22:05  Medivac  
  93  22:08  Marine  
  76  22:09  Marine x2  
  76  22:10  Marine x3  
  73  22:20  Marine x4  
  77  22:24  SCV  
  77  22:28  Viking  
  80  22:32  SCV  
  78  22:39  Marine  
  78  22:41  SCV  
  78  22:42  SCV  
  72  22:44  SCV  
  72  22:49  Marine x2  
  66  22:51  Marine  
  66  22:52  Marine  
  66  22:54  SCV  
  68  22:58  Viking  
  68  23:01  Marine x2  
  68  23:04  Refinery  
  70  23:09  SCV x3  
  73  23:16  Refinery  
  73  23:17  Refinery  
  73  23:18  Viking  
  73  23:19  Marine  
  76  23:24  Marine x3  
  79  23:32  Orbital Command  
  79  23:36  Viking  
  79  23:37  SCV x2  
  83  23:45  Command Center  
  83  23:51  Viking  
  83  23:53  Marauder x2  
  83  23:54  Marauder  
  83  23:55  SCV  
  92  23:56  SCV  
  92  23:59  SCV  
  92  24:07  SCV  
  92  24:08  SCV  
  94  24:11  SCV  
  94  24:15  Marauder  
  96  24:19  SCV  
  96  24:20  SCV  
  91  24:25  SCV  
  91  24:31  SCV  
  91  24:32  SCV  
  91  24:34  Medivac  
  91  24:37  SCV  
  96  24:48  Medivac  
  96  24:49  Marauder  
  96  24:50  Marauder  
  96  24:51  SCV x2  
  102  25:01  Sensor Tower  
  102  25:03  Marauder x2  
  102  25:06  SCV x2  
  108  25:12  Medivac  
  109  25:17  Marauder x2  
  109  25:18  Medivac, SCV  
  118  25:43  Marauder x2  
  118  25:46  Liberator  
  118  25:48  Liberator  
  126  26:06  Marauder x2  
  115  26:15  Marauder x2, Marine x2  
  118  26:28  Liberator  
  120  26:38  Marine x2  
  103  26:55  Marine x5  
  97  27:03  Orbital Command  
  97  27:07  SCV x2  
  91  27:09  Marauder x2  
  91  27:11  Marine x2  
  91  27:12  Marine  
  91  27:13  Marine x3  
  97  27:20  Orbital Command  
  89  27:26  Marine x3  
  89  27:27  Orbital Command  
  89  27:29  Marine  
  93  27:30  SCV x2  
  95  27:37  Marine  
  95  27:38  Marine x3  
  95  27:42  SCV x2  
  101  27:45  SCV  
  101  27:48  Marine x3  
  101  27:49  Marine  
  101  27:54  SCV x2  
  101  27:55  SCV  
  101  27:57  SCV  
  96  28:01  Marine x2  
  98  28:06  SCV x2  
  98  28:07  SCV  
  101  28:13  SCV  
  101  28:18  Medivac, SCV x2  
  104  28:22  Marine x2  
  104  28:25  SCV  
  104  28:26  Medivac  
  108  28:28  SCV  
  108  28:30  SCV  
  108  28:31  Refinery  
  108  28:33  Marine x4  
  114  28:36  Marine  
  114  28:40  SCV x2  
  117  28:42  SCV x2  
  117  28:43  Marine  
  111  28:57  Marine x4  
  111  28:58  Medivac x2  
  118  29:07  Refinery  
  116  29:16  Marauder x3, SCV x3  
  120  29:25  Marine x4  
  120  29:26  Sensor Tower  
  121  29:39  Marauder, Marine  
  121  29:55  Marine x2  
  98  30:16  Marine  
  92  30:28  Marauder x2  
  92  30:29  Marauder  
  94  30:45  Marauder  
  71  30:58  Marine x2  
Tags
 
Add a new tag
Caveats
  • Supply blocks, unpowered buildings, or Contaminate may cause inaccurate times.
  • Supply counts are checked every 10 seconds.